 Dungeon Crawl Stone Soup version 0.29-a0-352-g0917bc69df (webtiles) character file.

Game seed: 1500166536437643595

95 zeratav the Shooter (level 4, -3/36 HPs)
             Began as a Demigod Hunter on Apr 24, 2022.
             Killed by divine providence
             ... invoked by an orc priest
              (15 damage)
             ... on level 3 of the Dungeon.
             The game lasted 00:03:45 (2019 turns).

zeratav the Shooter (Demigod Hunter)                Turns: 2019, Time: 00:03:46

Health: -3/36      AC:  4    Str: 12    XL:     4   Next: 17%
Magic:  6/6        EV: 12    Int: 11    God:
Gold:   99         SH:  0    Dex: 21    Spells: 3/3 levels left

rFire   . . .      SeeInvis .   a - +1 shortbow {bow}
rCold   . . .      Faith    .   (shield currently unavailable)
rNeg    . . .      Spirit   .   b - +0 leather armour
rPois   .          Reflect  .   (no helmet)
rElec   .          Harm     .   r - +0 cloak
rCorr   .          Rampage  .   (no gloves)
Will    .....                   (no boots)
Stlth   ++........              (no amulet)
HPRegen 0.12/turn               (no ring)
MPRegen 0.10/turn               (no ring)

@: no status effects
A: high MP 1, forlorn, divine attributes
a: no special abilities


You were on level 3 of the Dungeon.
You visited 1 branch of the dungeon, and saw 3 of its levels.

You collected 99 gold pieces.


Innate Abilities, Weirdness & Mutations

You have an increased reservoir of magic. (+10% MP)
You shall have no god before yourself.
Your divine heritage dramatically boosts your attributes as you level up.


   Skills:
 - Level 1.7 Fighting
 + Level 5.4 Bows
 - Level 1.7 Dodging
 - Level 0.8 Stealth


You had 3 spell levels left.
You didn't know any spells.
Your spell library contained the following spells:

 Spells                   Type           Power      Damage    Failure   Level
 Summon Guardian Golem    Hex/Summ       0%         N/A       80%         3
 Hailstorm                Conj/Ice       0%         3d3       99%         4
 Ice Form                 Ice/Tmut       0%         N/A       99%         4
 Simulacrum               Ice/Necr       0%         N/A       100%        6
 Orb of Destruction       Conj           0%         9d5       100%        7
 Spellforged Servitor     Conj/Summ      0%         N/A       100%        7

Inventory:

Hand Weapons
 a - a +1 shortbow (weapon) {bow}
 k - a +1 whip of holy wrath {mace}
   (You found it on level 1 of the Dungeon)
Armour
 b - a +0 leather armour (worn)
 r - a +0 cloak (worn)
   (You found it on level 2 of the Dungeon)
Scrolls
 c - 4 scrolls of immolation {!r!r}
 d - a scroll of identify {unknown}
 f - a scroll of teleportation {unknown}
 h - a scroll of enchant weapon {unknown}
Potions
 e - a potion of heal wounds {unknown}
 g - 2 potions of curing {unknown}
 j - a potion of lignification {unknown}
 o - a potion of ambrosia {unknown}

Dungeon Overview and Level Annotations

Branches:
Dungeon (3/15)

......#...........# ####
.............>....####...
.....#...................
.... #..##....#####..#...
... ##.##...........#...
#..#....######.#<..
##.#...># #.#..#
####.##+#.# #.#..#
#...@.# #.#..# #.###†#
#.#... # )# #.##.# .)
#.##.. ..o #..... #...
###### #... .#..


You could see an orc priest.


Message History

You shoot an arrow. The arrow hits the goblin!
You kill the goblin!
You feel sick.
HP[-1]
You take 1 damage, and now have 30/36 hp.
No target in view!
No target in view!
You feel sick.
You feel sick.
You feel sick.
You feel sick.
You are no longer poisoned.
An adder comes into view.
HP[-3]
You take 3 damage, and now have 27/36 hp.
You are too injured to fight recklessly!
You are too injured to fight recklessly!
Shoot: a) +1 shortbow {bow}
Press: ? - help, Q - select action Shift-Dir - straight line, f - adder
Aim: an adder (wandering, hasn't noticed you, 50% to hit)
You shoot an arrow. The adder hisses angrily.
The arrow hits the adder.
Shoot: a) +1 shortbow {bow}
Press: ? - help, Q - select action Shift-Dir - straight line, f/p - adder
Aim: an adder (lightly wounded, 50% to hit)
You shoot an arrow. The arrow misses the adder.
A goblin comes into view. It is wielding a +0 club.
Shoot: a) +1 shortbow {bow}
Press: ? - help, Q - select action Shift-Dir - straight line, f/p - adder
Aim: an adder (lightly wounded, 50% to hit)
You shoot an arrow. The goblin shouts!
The arrow hits the adder.
You hear a shout!
Shoot: a) +1 shortbow {bow}
Press: ? - help, Q - select action Shift-Dir - straight line, f/p - adder
Aim: an adder (heavily wounded, 50% to hit)
You shoot an arrow. The arrow hits the adder!
You kill the adder!
Shoot: a) +1 shortbow {bow}
Press: ? - help, Q - select action Shift-Dir - straight line, f - you That would be overly suicidal.
Okay, then.
A goblin is nearby!
HP[+1] Shoot: a) +1 shortbow {bow}
Press: ? - help, Q - select action Shift-Dir - straight line, f - goblin
Aim: a goblin, wielding a +0 club (59% to hit)
You shoot an arrow. The arrow closely misses the goblin.
The goblin unwields a +0 club.
The goblin wields a +0 hunting sling.
The goblin shoots a sling bullet.
The sling bullet misses you.
Shoot: a) +1 shortbow {bow}
Press: ? - help, Q - select action Shift-Dir - straight line, f/p - goblin
Aim: a goblin, wielding a +0 hunting sling (59% to hit)
You shoot an arrow. The arrow barely misses the goblin.
The goblin shoots a sling bullet.
The sling bullet hits you.
The goblin shoots a sling bullet.
The sling bullet hits you but does no damage.
HP[-1]
You take 1 damage, and now have 27/36 hp.
Shoot: a) +1 shortbow {bow}
Press: ? - help, Q - select action Shift-Dir - straight line, f/p - goblin
Aim: a goblin, wielding a +0 hunting sling (59% to hit)
You shoot an arrow. The arrow hits the goblin!
You kill the goblin!
An orc priest comes into view. It is wielding a +1 flail of draining.
Shoot: a) +1 shortbow {bow}
Press: ? - help, Q - select action Shift-Dir - straight line, f - orc priest
Aim: an orc priest, wielding a +1 flail of draining (wandering, hasn't noticed you, 65% to hit)
You shoot an arrow. The arrow hits the orc priest.
The orc priest mumbles some strange prayers to Beogh against you.
Beogh smites you!
* * * LOW HITPOINT WARNING * * *
You hear a shout!
HP[-16]
You take 16 damage, and now have 11/36 hp.
MASSIVE DAMAGE!! (PAUSE) Shoot: a) +1 shortbow {bow}
Press: ? - help, Q - select action Shift-Dir - straight line, f/p - orc priest
Aim: an orc priest, wielding a +1 flail of draining (heavily wounded, 65% to hit)
You shoot an arrow.
The arrow closely misses the orc priest.
Shoot: a) +1 shortbow {bow}
Press: ? - help, Q - select action Shift-Dir - straight line, f/p - orc priest
Aim: an orc priest, wielding a +1 flail of draining (heavily wounded, 65% to hit)
You shoot an arrow. The arrow barely misses the orc priest.
HP[+1] Shoot: a) +1 shortbow {bow}
Press: ? - help, Q - select action Shift-Dir - straight line, f/p - orc priest
Aim: an orc priest, wielding a +1 flail of draining (heavily wounded, 65% to hit)
You shoot an arrow. The arrow barely misses the orc priest.
Shoot: a) +1 shortbow {bow}
Press: ? - help, Q - select action Shift-Dir - straight line, f/p - orc priest
Aim: an orc priest, wielding a +1 flail of draining (heavily wounded, 65% to hit)
You shoot an arrow.
The arrow closely misses the orc priest.
The orc priest invokes the aid of Beogh against you.
Beogh smites you!
You die...

Skill      XL: |  1  2  3 |
---------------+----------+-----
Bows           | 4 5 |  5.4
Fighting       | |  1.7
Dodging        | |  1.7
Stealth        | |  0.8

Action                   |  1- 3 |  4- 6 || total
-------------------------+-------+-------++-------
 Fire: Shortbow          |   117 |    13 ||   130
Armor: Leather armour    |     7 |     1 ||     8
Dodge: Dodged            |    21 |     1 ||    22

Levels and vault maps discovered:
D:1:      sevenhm_arrival_forest_fort_small_6, layout_loops_corners,
          dilly_ecumenical_altar_fadedgnrine, hangedman_abyss_or_decor_stabs,
          moated_statue, chequers_serial_rivers_small_3, minmay_misc_feat_alley,
          st_stairs_10
D:2:      layout_basic
D:3:      layout_basic, grunt_temple_overflow_diamond, grunt_ministairs_10

Notes
Turn   | Place    | Note
-------+----------+-------------------------------------------
     0 | D:1      | zeratav the Demigod Hunter began the quest for the Orb.
     0 | D:1      | Reached XP level 1. HP: 17/17 MP: 3/3
     0 | D:1      | magus.rc [v1.9.6]
   113 | D:1      | Reached skill level 4 in Bows
   274 | D:1      | Reached XP level 2. HP: 19/24 MP: 4/4
  1160 | D:2      | Reached XP level 3. HP: 14/29 MP: 5/5
  1336 | D:2      | You pick up a book of Dangerous Friends and begin
                  | reading...
  1336 | D:2      | You add the spells Summon Guardian Golem, Orb of
                  | Destruction and Spellforged Servitor to your library.
  1596 | D:2      | Reached skill level 5 in Bows
  1620 | D:2      | You pick up a book of the Tundra and begin reading...
  1620 | D:2      | You add the spells Hailstorm, Ice Form and Simulacrum to
                  | your library.
  1998 | D:3      | Reached XP level 4. HP: 31/36 MP: 6/6
  2019 | D:3      | Killed from afar by an orc priest

Vanquished Creatures
  3 adders (D:3)
  A worm (D:2)
  2 dart slugs (D:2)
  6 ball pythons
  7 bats
  7 endoplasms
  3 giant cockroaches
  6 goblins
  2 hobgoblins
  5 kobolds
  3 quokkas
  5 frilled lizards
  8 rats
58 creatures vanquished.

Table legend:
 A = Non-vault XP
 B = Vault XP
 C = Vault XP percentage of total XP
 D = Non-vault monster count
 E = Vault monster count
 F = Vault count percentage of total count
                 A         B        C        D         E       F
            +---------+---------+-------+---------+---------+-------
      Total |     132 |       5 |   3.6 |      55 |       3 |   5.2
            +---------+---------+-------+---------+---------+-------
        D:1 |      39 |       5 |  11.4 |      24 |       3 |  11.1
        D:2 |      46 |       0 |   0.0 |      24 |       0 |   0.0
        D:3 |      47 |       0 |   0.0 |       7 |       0 |   0.0
            +---------+---------+-------+---------+---------+-------

Illustrated notes

Table legend:
 A = Kills in this place as a percentage of kills in entire the game.
 B = Kills by you in this place as a percentage of kills by you in the entire game.
 C = Kills by friends in this place as a percentage of kills by friends in the entire game.
 D = Other kills in this place as a percentage of other kills in the entire game.
 E = Experience gained in this place as a percentage of experience gained in the entire game.
 F = Experience gained in this place divided by the number of levels of this place that you have seen.
                   A       B       C       D       E      F
               +-------+-------+-------+-------+-------+----------------------
         Total | 100.0 | 100.0 |   N/A |   N/A | 100.0 |  45.7
       Dungeon | 100.0 | 100.0 |   N/A |   N/A | 100.0 |  45.7
               +-------+-------+-------+-------+-------+----------------------

Table legend: (Time is in decaauts)
 A = Elapsed time spent in this place.
 B = Non-inter-level travel time spent in this place.
 C = Inter-level travel time spent in this place.
 D = Time resting spent in this place.
 E = Time spent auto-exploring this place.
 F = Levels seen in this place.
 G = Mean time per level.
                   A        B        C        D        E       F      G
               +--------+--------+--------+--------+--------+-----+--------+
         Total |   2061 |   1977 |     84 |      0 |   1718 |   3 |  687.0 |
       Dungeon |   2061 |   1977 |     84 |      0 |   1718 |   3 |  687.0 |
               +--------+--------+--------+--------+--------+-----+--------+

Top non-repeatable levels by time:
     D:1: 1168 daAuts
     D:2: 742 daAuts
     D:3: 149 daAuts
